 Dungeon Crawl Stone Soup version 0.30-a0-1114-gd936c97349 (webtiles) character file.

Game seed: 12713401865584621191

142 sampeng1 the Chopper (level 5, 0/42 HPs)
             Began as a Human Berserker on Apr 20, 2023.
             Was a Believer of Trog.
             Slain by Grinder (2 damage)
             ... on level 3 of the Dungeon.
             The game lasted 00:12:13 (2131 turns).

sampeng1 the Chopper (Human Berserker)              Turns: 2131, Time: 00:12:14

Health: 0/42       AC:  7    Str: 20    XL:     5   Next: 50%
Magic:  5/5        EV: 11    Int:  7    God:    Trog [**....]
Gold:   63         SH:  3    Dex: 12    Spells: 4/4 levels left

rFire   . . .      SeeInvis .    a - +0 hand axe
rCold   . . .      Faith    .    n - +0 buckler
rNeg    + . .      Spirit   .    i - +0 ring mail
rPois   .          Reflect  .    q - +0 helmet
rElec   .          Rampage  .    (no cloak)
rCorr   .                        (no gloves)
Will    .....                    c - +0 pair of boots
Stlth   +                        (no amulet)
HPRegen 0.27/turn                j - ring of positive energy
MPRegen 0.09/turn                (no ring)

@: lethally poisoned (0 -> -2)
A: no striking features
a: Renounce Religion, Berserk, Trog's Hand


You were on level 3 of the Dungeon.
You worshipped Trog.
Trog was pleased with you.
You visited 1 branch of the dungeon, and saw 3 of its levels.

You collected 153 gold pieces.
You spent 90 gold pieces at shops.

Inventory:

Hand Weapons
 a - a +0 hand axe (weapon)
Armour
 c - a +0 pair of boots (worn)
 i - a +0 ring mail (worn)
 n - a +0 buckler (worn)
 q - a +0 helmet (worn)
Jewellery
 j - a ring of positive energy (left hand)
Scrolls
 b - a scroll of identify {unknown}
 f - a scroll of magic mapping (quivered) {unknown}
 h - a scroll of poison {unknown}
 o - a scroll of blinking {unknown}
Potions
 d - a potion of magic {unknown}
 e - a potion of heal wounds {unknown}
 g - a potion of lignification {unknown}
 k - a potion of berserk rage
 l - a potion of invisibility {unknown}
 m - 4 potions of curing
 p - a potion of attraction {unknown}


   Skills:
 + Level 3.7 Fighting
 + Level 4.2 Axes
 + Level 2.9 Armour
 + Level 2.8 Dodging
 + Level 0.4 Stealth


You had 4 spell levels left.
You didn't know any spells.
Your spell library was empty.

Dungeon Overview and Level Annotations

Branches:
Dungeon (3/15)

Altars:
Sif Muna
Zin

Annotations:
D:3 Grinder


Message History

Grinder gestures at you. You resist with almost no effort.
You barely miss Grinder.
Grinder is severely wounded.
You recover from your berserk rage.
Grinder hits you!
* * * LOW HITPOINT WARNING * * *
You writhe in agony.
* * * LOW HITPOINT WARNING * * *
You hit Grinder but do no damage.
Grinder is severely wounded.
Your skin stops crawling.
You feel less strong-willed. The adder barely misses you.
Grinder gestures at you. You resist with significant effort.
You barely miss Grinder.
Grinder is severely wounded.
You closely miss the adder. The adder barely misses you. Grinder hits you.
* * * LOW HITPOINT WARNING * * *
You closely miss the adder. You hit Grinder. The adder closely misses you.
Grinder barely misses you. You block the adder's attack.
You hit the adder.
The adder is lightly wounded.
You hit Grinder. The adder bites you.
* * * LOW HITPOINT WARNING * * *
You are lethally poisoned!
The adder poisons you! Grinder barely misses you.
The adder bites you but does no damage.
You closely miss Grinder.
Grinder is severely wounded.
You miss the adder.
* * * LOW HITPOINT WARNING * * *
You feel sick. Grinder hits you but does no damage.
The adder bites you but does no damage. Grinder barely misses you.
You slash Grinder!
Grinder is almost dead.
You hit the adder.
* * * LOW HITPOINT WARNING * * *
You feel sick. The adder closely misses you. Grinder hits you.
You die...

#....>.......(..........
#..........#............
#............##.........
#.......................
#................<....).
#.......................
........................
#......................#
...##..@#....#........##
#..#5S.###.........#⌠
#.##.### .####....## #.
..# ## #.... # . ###
##.. .. . .... P. #..#
##. # #


You could see Grinder and an adder.

Vanquished Creatures
  Jessica (D:3)
  Robin (D:3)
  4 adders (D:2)
  A dart slug (D:2)
  An orc (D:3)
  3 ball pythons
  7 endoplasms
  4 giant cockroaches
  12 goblins
  11 hobgoblins
  4 kobolds
  2 quokkas (D:1)
  2 bats
  5 frilled lizards
  3 rats
61 creatures vanquished.

Notes
Turn   | Place    | Note
-------+----------+-------------------------------------------
     0 | D:1      | sampeng1 the Human Berserker began the quest for the Orb.
     0 | D:1      | Reached XP level 1. HP: 18/18 MP: 1/1
    22 | D:1      | Reached XP level 2. HP: 24/24 MP: 2/2
   899 | D:1      | Reached XP level 3. HP: 29/29 MP: 3/3
  1328 | D:2      | Found a shimmering blue altar of Sif Muna.
  1540 | D:2      | Reached XP level 4. HP: 24/35 MP: 4/4
  1616 | D:2      | Reached ** piety under Trog
  1937 | D:2      | You fall into a shaft and drop 1 floor!
  1939 | D:3      | Noticed Jessica
  1945 | D:3      | Killed Jessica
  1946 | D:3      | Reached skill level 4 in Axes
  1946 | D:3      | Reached XP level 5. HP: 42/42 MP: 5/5
  1994 | D:3      | Found Zin's Purification Station.
  2034 | D:3      | Found a glowing silver altar of Zin.
  2039 | D:3      | Bought a potion of curing for 90 gold pieces
  2072 | D:3      | Noticed Robin
  2091 | D:3      | Killed Robin
  2107 | D:3      | Noticed Grinder
  2131 | D:3      | HP: 2/42 [poisoned by an adder]
  2131 | D:3      | Slain by Grinder

Illustrated notes

Levels and vault maps discovered:
D:1:      wander_arrival_chamber, layout_basic, st_stairs_3,
          chequers_serial_rivers_micro_c, wander_ebering_terrifying_dragon_lair
D:2:      layout_loops_ring, basic_altar, minmay_pentomino_pile
D:3:      layout_rooms, zin_purify, mainiacjoe_overflow_cross_hatched,
          nicolae_ecumenical_oubliette, kennysheep_generic_room_9, uniq_jessica,
          uniq_grinder, uniq_robin

Skill      XL: |  1  2  3  4 |
---------------+-------------+-----
Axes           | 4 |  4.2
Fighting       | |  3.7
Armour         | |  2.9
Dodging        | |  2.8
Stealth        | |  0.4

Action                     |  1- 3 |  4- 6 || total
---------------------------+-------+-------++-------
  Melee: Hand axe          |   101 |    82 ||   183
         Punch             |     1 |       ||     1
 Invoke: Berserk           |     1 |     2 ||     3
         Trog's Hand       |       |     1 ||     1
    Use: Potion            |     2 |       ||     2
   Stab: Sleeping          |     1 |       ||     1
 Armour: Leather armour    |    21 |       ||    21
         Ring mail         |    22 |    35 ||    57
  Dodge: Dodged            |    57 |    53 ||   110
  Block: Buckler           |     1 |     4 ||     5

Table legend: (Time is in decaauts)
 A = Elapsed time spent in this place.
 B = Non-inter-level travel time spent in this place.
 C = Inter-level travel time spent in this place.
 D = Time resting spent in this place.
 E = Time spent auto-exploring this place.
 F = Levels seen in this place.
 G = Mean time per level.
                   A        B        C        D        E       F      G
               +--------+--------+--------+--------+--------+-----+--------+
         Total |   2191 |   2179 |     12 |      0 |   1398 |   3 |  730.3 |
       Dungeon |   2191 |   2179 |     12 |      0 |   1398 |   3 |  730.3 |
               +--------+--------+--------+--------+--------+-----+--------+

Top non-repeatable levels by time:
     D:1: 1308 daAuts
     D:2: 661 daAuts
     D:3: 220 daAuts
